 Dungeon Crawl Stone Soup version 0.19-a0-1789-ga32af4e (webtiles) character file.

431921 packetloss the Sorcerer (level 22, -19/136 HPs)
             Began as a Deep Elf Wizard on Sept 26, 2016.
             Was the Champion of Kikubaaqudgha.
             Killed from afar by a hellephant (97 damage)
             ... with a blast of flame
             ... on level 3 of the Abyss on Oct 3, 2016.
             The game lasted 12:14:21 (72882 turns).

packetloss the Sorcerer (Deep Elf Wizard)          Turns: 72882, Time: 12:14:22

Health: -19/136    AC: 18    Str:  8    XL:     22   Next: 85%
Magic:  10/59      EV: 25    Int: 41    God:    Kikubaaqudgha [******]
Gold:   5014       SH:  0    Dex: 17    Spells: 19 memorised, 6 levels left

rFire  . . .     SeeInvis +     N - +6 Majin-Bo {vamp, Archmagi MP+6 Int+6}
rCold  . . .     Gourm    .     I - +0 troll leather armour of Jyerup {Regen+ Dex+3 SInv, regen}
rNeg   . . .     Faith    .     (shield currently unavailable)
rPois  +         Spirit   .     a - +2 helmet {Int+3}
rElec  .         Dismiss  .     m - +2 cloak {MR+}
rCorr  .         Reflect  .     X - +2 pair of gloves
MR     +++..     Harm     .     Q - +2 pair of boots {run}
Stlth  ++........               l - amulet of magic regeneration
                                O - ring of poison resistance {rPois, !d}
                                e - +5 ring of intelligence

@: death channel, regenerating (expiring), repel missiles, quick
A: dopey 1, screaming 1
a: Receive Corpses, Torment, Renounce Religion
}: 2/15 runes: decaying, gossamer


You were on level 3 of the Abyss.
You worshipped Kikubaaqudgha.
Kikubaaqudgha was exalted by your worship.
You were not hungry.

You visited 11 branches of the dungeon, and saw 54 of its levels.
You visited the Abyss 1 time.
You also visited: Labyrinth and Desolation.

You collected 7521 gold pieces.
You spent 2507 gold pieces at shops.

Inventory:

Hand Weapons
 N - the +6 Majin-Bo (weapon) {vamp, Archmagi MP+6 Int+6}
   (You found it on level 3 of the Crypt)

   It inflicts no extra harm, but heals its wielder somewhat when it strikes a
   living foe.
   It affects your intelligence (+6).
   It affects your magic capacity (+6).
Armour
 a - a +2 helmet of intelligence (worn)
   (You found it on level 3 of the Elven Halls)
 m - a +2 cloak of magic resistance (worn)
   (You took it off Nikola on level 1 of the Swamp)
 I - the +0 troll leather armour of Jyerup (worn) {Regen+ Dex+3 SInv, regen}
   (You found it on level 8 of the Dungeon)

   It affects your dexterity (+3).
   It lets you see invisible.
   It increases your rate of regeneration.
 Q - a +2 pair of boots of running (worn)
   (You bought it in a shop on level 2 of the Orcish Mines)
 X - a +2 pair of gloves (worn)
   (You found it on level 10 of the Dungeon)
Jewellery
 e - a +5 ring of intelligence (left hand)
   (You found it on level 7 of the Dungeon)
 j - an uncursed ring of magical power {MP+9}
   (You found it on level 4 of the Dungeon)
 l - an amulet of magic regeneration (around neck)
   (You took it off a goblin on level 1 of the Dungeon)
 w - an uncursed ring of resist corrosion
   (You found it on level 6 of the Dungeon)
 H - the ring "Rekheadgh" {rElec rN+ Str+3 Int+2}
   (You bought it in a shop on level 4 of the Depths)

   [ring of strength]

   It affects your strength (+3).
   It affects your intelligence (+2).
   It insulates you from electricity.
   It protects you from negative energy.
 J - an uncursed ring of wizardry {Wiz+, !d}
   (You found it on level 1 of the Crypt)
 O - a ring of poison resistance (right hand) {rPois, !d}
   (You found it on level 2 of the Swamp)
 R - an uncursed ring of flight {+Fly, !d}
   (You found it on level 3 of the Swamp)
 W - a +4 ring of protection
   (You took it off an orc on level 13 of the Dungeon)
 Y - an uncursed ring of see invisible {sInv, !d}
   (You found it on level 1 of the Tomb of the Ancients)
 Z - an uncursed ring of protection from cold {rC+, !d}
   (You found it on level 12 of the Dungeon)
Wands
 v - a wand of digging (3/24)
   (You found it on level 3 of the Lair of Beasts)
 G - a wand of hasting (4/9)
   (You found it on level 2 of the Swamp)
 M - a wand of disintegration (12/24)
   (You found it on level 4 of the Vaults)
Scrolls
 f - 13 scrolls of remove curse
 o - a scroll of summoning
 r - 3 scrolls of holy word {!r}
 s - 2 scrolls of magic mapping {!r}
 x - 9 scrolls of identify
 A - 5 scrolls of fog
 B - 5 scrolls of blinking {!r}
 C - 16 scrolls of teleportation
 D - 8 scrolls of recharging
 E - 2 scrolls of silence
 P - 3 scrolls of fear
 U - a scroll of enchant armour
Potions
 b - 2 potions of agility
 d - 2 potions of haste
 k - 12 potions of curing
 p - 5 potions of berserk rage {!q}
 t - 11 potions of brilliance
 z - 11 potions of might
 F - 5 potions of heal wounds
 T - a potion of resistance
 V - 3 potions of ambrosia
Books
 u - a Necronomicon
   (Kikubaaqudgha gifted it to you on level 3 of the Lair of Beasts)
Miscellaneous
 c - a fan of gales
   (You found it on level 2 of the Abyss)
 n - a phantom mirror
 L - 3 sacks of spiders
Comestibles
 g - a chunk of flesh {@w0}
 i - 32 fruits
 K - 6 royal jellies


   Skills:
 + Level 13.6 Fighting
 - Level 9.9 Staves
 + Level 7.1 Armour
 + Level 18.9 Dodging
 - Level 2.4 Stealth
 - Level 25.6 Spellcasting
 - Level 6.7 Conjurations
 - Level 5.6 Hexes
 - Level 4.4 Charms
 - Level 8.2 Summonings
 - Level 22.1 Necromancy
 - Level 1.1 Translocations
 - Level 2.0 Fire Magic
 - Level 7.3 Air Magic
 - Level 1.3 Poison Magic
 - Level 12.7 Evocations


You had 6 spell levels left.
You knew the following spells:

 Your Spells              Type           Power        Failure   Level  Hunger
a - Magic Dart            Conj           ####         1%          1    None
b - Blink                 Tloc           N/A          1%          2    None
c - Conjure Flame         Conj/Fire      #######.     1%          3    None
d - Repel Missiles        Chrm/Air       ######       1%          2    None
e - Corpse Rot            Necr           N/A          0%          2    None
f - Agony                 Necr           ########     0%          5    None
g - Death Channel         Necr           #########.   0%          6    None
h - Airstrike             Air            ########..   1%          4    None
i - Dispel Undead         Necr           ########     0%          5    None
j - Fulminant Prism       Conj/Hex       ########..   1%          4    None
k - Infestation           Necr           #########.   1%          8    None
l - Haunt                 Necr/Summ      ########..   1%          7    None
m - Sublimation of Blood  Necr           #########.   0%          2    None
n - Apportation           Tloc           #######...   1%          1    None
r - Regeneration          Chrm/Necr      ########..   0%          3    None
s - Slow                  Hex            #######.     1%          2    None
w - Passwall              Tmut/Erth      ######....   1%          2    None
x - Mephitic Cloud        Conj/Pois/Air  #######.     1%          3    None
A - Animate Dead          Necr           N/A          0%          4    None


Dungeon Overview and Level Annotations

Branches:
Dungeon (15/15)            Temple (0/1) D:7            Lair (6/6) D:9
  Swamp (4/4) Lair:4       Spider (4/4) Lair:4        Slime (5/5) Lair:5
    Orc (2/2) D:9             Elf (3/3) Orc:2        Vaults (5/5) D:14
  Crypt (3/3) Vaults:3       Tomb (2/3) Crypt:3      Depths (5/5) D:15
    Zot: Depths:5

Altars:
Cheibriados
Dithmenos
Elyvilon
Gozag
Kikubaaqudgha
Makhleb
Nemelex Xobeh
Trog
Vehumet
Xom
Yredelemnul
Beogh
Jiyva

Shops:
D:14 [*   Orc:2 *[(!   Depths:4 =}}

Portals:
Hell: Depths:1 Depths:2 Depths:3
Abyss: Depths:1 Depths:4 Depths:5
Pandemonium: Depths:1 Depths:3
Ziggurat: Depths:4
Trove: Elf:1 (give 5 potions of resistance)

Annotations:
D:9 manual of s blades, book of annihilations
D:14 +8 sling
Lair:6 disin gets an amulet
Swamp:3 lajatang of speed
Swamp:4 exclusion: 3 hydras
Slime:5 Royal Jelly
Elf:2 3 runed doors, exclusions: 3 doors and 2 more exclusions
Vaults:5 !
Tomb:2 ! swarm by down stairs


Innate Abilities, Weirdness & Mutations

You are dopey. (Int -2)
You occasionally shout uncontrollably at your foes.


Message History

Spoiler Alert: The black draconian shifter can block teleports, blink allies encircling you, or cause you to blink!
Unknown command.
Your skin is crawling a little less now.
Your phantasmal warrior disappears in a puff of smoke!
Your death scarab bites the dire elephant.
Your death scarab drains the dire elephant's vigour!
The dire elephant seems to slow down.
Your death scarab draws strength from the dire elephant's injuries!
Your freezing wraith hits the dire elephant!
Your freezing wraith freezes the dire elephant!!
Your freezing wraith hits the dire elephant!
Your freezing wraith drains the dire elephant's vigour!
The dire elephant seems to slow down.
Your death scarab bites the dire elephant!
Your death scarab draws strength from the dire elephant's injuries!
Your freezing wraith barely misses the black draconian shifter.
Your freezing wraith closely misses the black draconian shifter.
The dire elephant tramples your freezing wraith!!
Your freezing wraith is shoved backwards!
Something barely misses your freezing wraith.
Something closely misses your freezing wraith.
Something gores your freezing wraith but does no damage.
Your shadow wraith closely misses the black draconian shifter.
Your phantom hits the black draconian shifter.
Spoiler Alert: The black draconian shifter can block teleports, blink allies encircling you, or cause you to blink!
You regained 2 hp, and now have 76/136 hp.
Your wraith disappears in a puff of smoke!
Something misses your freezing wraith.
Something trunk-slaps your freezing wraith but does no damage.
Your shadow wraith hits the black draconian shifter!!
Your shadow wraith drains the black draconian shifter's vigour!
The black draconian shifter seems to slow down.
Your phantom hits the black draconian shifter.
A quicksilver dragon simulacrum comes into view.
Spoiler Alert: The black draconian shifter can block teleports, blink allies encircling you, or cause you to blink!
You regained 2 hp, and now have 78/136 hp.
Unknown command.
Your phantasmal warrior disappears in a puff of smoke!
Your freezing wraith disappears in a puff of smoke! x3
Your death scarab bites the dire elephant.
Your death scarab drains the dire elephant's vigour!
The dire elephant seems to slow down.
Your death scarab draws strength from the dire elephant's injuries!
Your death scarab bites the dire elephant!
Your death scarab draws strength from the dire elephant's injuries!
Your death scarab barely misses the quicksilver dragon simulacrum.
The hellephant blinks!
The quicksilver dragon simulacrum moves out of view.
The black draconian shifter casts a spell at you.
You resist with almost no effort.
Your phantom barely misses the black draconian shifter.
Spoiler Alert: The black draconian shifter can block teleports, blink allies encircling you, or cause you to blink!
You don't know that spell.
Unknown command.
You feel a surge of power!
Malign forces permeate your being, awaiting release.
Your freezing wraith disappears in a puff of smoke!
Your death scarab bites the ancient zyme.
The hellephant blinks!
The hellephant looks sick.
Your death scarab bites the dire elephant!
Your death scarab drains the dire elephant's vigour!
The dire elephant seems to slow down.
Your death scarab draws strength from the dire elephant's injuries!
The dire elephant tramples your death scarab.
Your death scarab holds its ground!
The dire elephant trunk-slaps your death scarab but does no damage.
Spoiler Alert: The black draconian shifter can block teleports, blink allies encircling you, or cause you to blink!
You take 4 damage, and have 75/136 hp.
You now have 9/59 mp.
Your wraith disappears in a puff of smoke!
The hellephant tramples your death scarab.
Your death scarab holds its ground!
The hellephant bites your death scarab. The hellephant gores your death scarab!
Your death scarab bites the black draconian shifter!
Your death scarab drains the black draconian shifter's vigour!
The black draconian shifter seems to slow down.
Your death scarab draws strength from the black draconian shifter's injuries!
The black draconian shifter hits your death scarab with a long sword.
Something tramples your death scarab.
Your death scarab holds its ground!
Something trunk-slaps your death scarab!
Your shadow wraith misses the black draconian shifter.
Your phantom hits the black draconian shifter!
Your phantom blinks!
Your freezing wraith barely misses the black draconian shifter.
Your freezing wraith hits the black draconian shifter.
Your freezing wraith drains the black draconian shifter's vigour!
The black draconian shifter seems to slow down.
Spoiler Alert: The black draconian shifter can block teleports, blink allies encircling you, or cause you to blink!
You regained 2 hp, and now have 77/136 hp.
Unknown command.
Okay, then.
You swap places.
Your death scarab bites the hellephant!!
Your death scarab draws strength from the hellephant's injuries!
The hellephant breathes flames at you.
The blast of flame hits your death scarab.
Your death scarab is destroyed!
The blast of flame hits you!
Ouch! That really hurt!
You die...
Kikubaaqudgha rasps: "You have failed me!
Welcome... death!"

.# #..≈§ §#.
.##+##.. ≈§≈*
..#.#.Yx§≈≈≈###
§.....s≈§§≈.%%
.%≈WqW≈§§§%#
≈≈≈W≈≈§Z§..# #.
######≈§sss≈#....
≈§≈§§§≈s§@≈..#
.....§†Ys≈†%.#
.#.§#§#.##.#.#
... #.### ## #
.)#.#.. #### .
##. .### ##..


You could see a hellephant, a quicksilver dragon simulacrum, a lurking horror
and 5 friendly death scarabs.

Vanquished Creatures
  A caustic shrike (Depths:4)
  A golden dragon (Depths:3)
  A profane servitor (Crypt:3)
  Rupert (D:12)
  A lich (Depths:3)
  A deep elf blademaster (Elf:3)
  Gastronok (D:9)
  An ancient champion (Crypt:1)
  Kirke (D:14)
  A revenant (Crypt:2)
  A frost giant (Depths:4)
  An emperor scorpion (Lair:4)
  An orc warlord (D:9)
  A fire giant (Depths:4)
  A vault warden (Vaults:1)
  4 deep elf sorcerers
  2 ironheart preservers
  A deep elf elementalist (Elf:3)
  A ghoul (Crypt:1)
  3 stone giants
  A spriggan defender (Depths:2)
  The ghost of veccon the Tortoise, a journeyman MiFi of Okawaru (Orc:2)
  4 vampire knights
  3 deep elf demonologists
  3 dire elephants
  3 deep elf annihilators (Elf:3)
  An eidolon (Crypt:2)
  The ghost of beep the Covert, a journeyman SpEn of Dithmenos (Lair:6)
  A death ooze (Slime:3)
  A minotaur (Lab)
  2 deep elf death magi
  An ettin (Depths:1)
  3 jiangshi
  2 yaktaur captains (Vaults:2)
  A great orb of eyes (Slime:2)
  A deep elf high priest (Elf:3)
  5 hydras
  A vault guard (D:14)
  3 rakshasas
  An anaconda (Lair:6)
  3 centaur warriors
  A ghost crab (Swamp:2)
  Erica (D:8)
  A death knight (D:14)
  A deep troll shaman (Vaults:4)
  An ogre mage (Vaults:4)
  A catoblepas (D:14)
  A spriggan air mage (Depths:2)
  8 dancing weapons
  An alligator (Lair:4)
  A death scarab (Tomb:2)
  A vampire mage (Crypt:1)
  2 thrashing horrors (Abyss:3)
  4 tengu warriors
  A hell knight (Depths:3)
  Sonja (D:12)
  Urug (D:12)
  A wretched star (Abyss:2)
  6 deep elf knights
  3 shadow wraiths (Crypt:3)
  8 unseen horrors
  3 swamp dragons
  14 skeletal warriors
  A storm dragon skeleton (Crypt:1)
  2 glowing orange brains
  3 phantasmal warriors (Crypt:1)
  Pikel (D:5)
  2 harpies (Vaults:2)
  A necromancer (Crypt:1)
  2 deep elf archers
  13 wolf spiders
  2 orc knights (Orc:1)
  A hill giant (D:13)
  An orc sorcerer (Orc:1)
  4 ironbrand convokers
  2 cyclopes
  A manticore (D:15)
  4 orb spiders
  12 ugly things
  5 hornets
  A stone giant zombie (Crypt:2)
  A salamander (shapeshifter) (Vaults:3)
  32 deep elf magi
  2 moths of wrath
  A manticore (shapeshifter) (Depths:1)
  3 shining eyes
  A vault sentinel (Vaults:1)
  4 elephants
  Psyche (D:8)
  Joseph (D:9)
  A black mamba (Lair:4)
  5 centaur skeletons
  2 torpor snails (Lair:3)
  An apocalypse crab (Abyss:3)
  2 gargoyles
  3 demonic crawlers
  10 spiny frogs
  9 komodo dragons
  2 freezing wraiths
  3 rime drakes
  An ancient zyme (Abyss:3)
  A tengu conjurer (D:15)
  12 yaktaurs
  A guardian mummy (Tomb:1)
  9 jumping spiders
  A meliai (shapeshifter) (D:15)
  A queen bee (Lair:1)
  2 tyrant leeches (Swamp:3)
  Grinder (D:3)
  2 two-headed ogres (Vaults:4)
  3 trolls
  A polar bear (Lair:3)
  10 bog bodies
  9 blink frogs
  8 slime creatures
  6 hippogriffs
  4 dream sheep (Lair:6)
  A spriggan skeleton (Depths:5)
  9 flying skulls
  9 shadows
  19 redbacks
  10 spriggans
  5 water elementals
  31 yaks
  A wind drake zombie (Crypt:1)
  5 wyverns
  2 basilisks
  3 wraiths
  11 tarantellas
  2 golden eyes (shapeshifter)
  4 hogs
  3 hungry ghosts
  5 fire bats
  A steam dragon (D:9)
  8 vampire mosquitoes
  A neqoxec (Abyss:3)
  4 mottled dragons
  4 soldier ants
  8 swamp worms
  14 insubstantial wisps
  5 wargs
  A hell hound (D:8)
  7 water moccasins
  8 porcupines
  A large abomination (Abyss:2)
  5 swamp drakes
  3 phantoms
  2 eyes of draining
  5 ice beasts
  35 orc warriors
  3 slaves
  3 sky beasts
  A necrophage (D:5)
  4 black bears
  17 removed MONS_WASPs
  7 boggarts
  24 ogres
  The ghost of CanOfBees the Skirmisher, an amateur DsGl (D:3)
  7 crocodiles
  20 centaurs
  8 wolves
  4 big kobolds
  A wyvern zombie (D:13)
  11 bullfrogs
  An earth elemental (Elf:1)
  A wyvern skeleton (D:11)
  2 scorpions
  A water moccasin skeleton (D:7)
  15 killer bees
  3 wights (D:10)
  5 howler monkeys
  2 electric eels
  A vampire bat (Lair:6)
  8 crimson imps
  2 lava snakes (D:8)
  6 bullfrog zombies
  A centaur zombie (D:6)
  A quasit (D:8)
  5 hounds
  14 orc priests
  5 jellies
  13 orc wizards
  5 bullfrog skeletons
  Terence (D:2)
  10 iguanas
  22 worker ants
  A big kobold zombie (Crypt:2)
  4 hound skeletons
  2 mummies
  2 worker ant zombies
  Robin (D:3)
  24 adders
  39 river rats
  5 shadow imps
  12 white imps
  An adder zombie (D:6)
  An adder skeleton (D:4)
  2 worms
  2 dart slugs (D:2)
  5 leopard geckos
  88 orcs
  3 ball pythons
  5 giant cockroaches
  17 goblins
  14 hobgoblins
  12 jackals
  14 kobolds
  10 quokkas
  14 bats
  3 frilled lizards
  2 hobgoblin zombies (D:6)
  2 orc zombies (D:6)
  5 rats
  2 fire vortices (D:8)
  2 fungi (Lair:4)
  A lurking horror (Abyss:3)
  A plant (Lair:6)
1107 creatures vanquished.

Vanquished Creatures (collateral kills)
  An ancient lich (Tomb:1)
  Mennas (Crypt:1)
  Mara (Vaults:3)
  2 juggernauts
  A greater mummy (Tomb:1)
  Bai Suzhen (Depths:1)
  Xtahua (Vaults:2)
  A caustic shrike (Depths:3)
  the Enchantress (Depths:2)
  2 golden dragons
  2 bone dragons
  Nikola (Swamp:1)
  Arachne (Spider:4)
  2 tentacled monstrosities (Depths:4)
  A deep elf master archer (Elf:3)
  7 acid blobs
  A deep elf blademaster (Elf:3)
  7 liches
  10 sphinxes
  3 ancient champions (Crypt:3)
  5 thorn hunters
  Agnes (Spider:2)
  A storm dragon (Depths:3)
  2 tentacled starspawn (Abyss:3)
  5 shadow dragons
  5 tengu reavers
  4 revenants
  A daeva (Abyss:3)
  Donald (Spider:3)
  Roxanne (Swamp:1)
  3 azure jellies
  5 deep elf sorcerers
  5 ghost moths
  An orc warlord (Orc:2)
  7 emperor scorpions
  5 fire giants
  A draconian shifter (Abyss:3)
  Louise (Spider:1)
  5 ghouls
  8 frost giants
  16 vault wardens
  2 deep elf elementalists
  A balrug (Abyss:3)
  3 curse skulls
  31 very ugly things
  11 ironheart preservers
  2 juggernaut skeletons
  5 spriggan defenders
  5 entropy weavers
  5 stone giants
  Nessos (Lair:6)
  6 caustic shrike skeletons (Depths:2)
  6 deep elf demonologists
  5 vampire knights
  7 dire elephants
  9 deep elf annihilators
  10 ettins
  A spark wasp (Spider:4)
  5 eidola
  A merfolk javelineer (Depths:5)
  5 fire dragons
  A blizzard demon (Abyss:1)
  6 deep elf death magi
  7 mummy priests (Tomb:1)
  14 jiangshi
  2 great orbs of eyes
  38 slime creatures
  3 death oozes (Slime:5)
  8 deep elf high priests
  10 yaktaur captains
  A hell beast (Depths:1)
  3 ice dragons
  6 rakshasas
  8 vault guards
  12 hydras
  A peacekeeper (Elf:1)
  4 spriggan air magi
  Erolcha (D:12)
  15 ogre magi
  2 centaur warriors
  5 deep troll shamans
  7 dancing weapons
  3 tengu warriors
  12 death scarabs (Tomb:1)
  5 death knights
  4 alligators
  7 death yaks (Depths:2)
  4 deep troll earth magi
  A queen ant (Spider:3)
  7 spriggan berserkers
  6 thrashing horrors (Abyss:3)
  A soul eater (Crypt:3)
  A vampire mage (Crypt:2)
  2 titan zombies
  16 deep elf knights
  3 shadow wraiths
  4 wretched stars
  2 sixfirhies (Abyss:1)
  A ghost moth zombie (Crypt:1)
  29 skeletal warriors
  A spatial maelstrom (Abyss:3)
  6 deep trolls
  7 unseen horrors
  10 hell knights
  6 spriggan druids
  A shadow demon (Depths:3)
  An anaconda zombie (Crypt:2)
  4 glowing orange brains
  3 swamp dragons
  6 flayed ghosts
  A shadow dragon zombie (Crypt:1)
  A shambling mangrove (Swamp:4)
  2 hill giants
  10 phantasmal warriors
  9 orc knights
  19 deep elf archers
  An anaconda skeleton (Crypt:1)
  3 wizards (Depths:3)
  6 ironbrand convokers
  3 harpies (Vaults:2)
  7 necromancers
  16 orb spiders
  An orb spider (shapeshifter) (Vaults:1)
  42 deep elf magi
  A tengu skeleton (Depths:3)
  43 ugly things
  An iron dragon zombie (Tomb:1)
  3 hornets
  A harpy (shapeshifter) (Vaults:1)
  An orc sorcerer (Elf:2)
  A faun (shapeshifter) (Depths:4)
  23 wolf spiders
  A stone giant zombie (Tomb:1)
  A worldbinder (Abyss:3)
  A manticore (shapeshifter) (Vaults:4)
  7 cyclopes
  2 manticores
  4 rust devils
  A fire giant zombie (Depths:3)
  2 moths of wrath
  11 elephants
  A frost giant skeleton (Abyss:3)
  A torpor snail (Spider:4)
  8 vault sentinels
  An elephant slug zombie (Crypt:2)
  2 orange demons
  An iron dragon skeleton (Crypt:1)
  An eye of devastation (Slime:2)
  A molten gargoyle (Lair:2)
  A hellion (Abyss:3)
  3 smoke demons
  A dire elephant skeleton (Crypt:1)
  2 efreet
  3 freezing wraiths
  4 spiny frogs
  A komodo dragon (Swamp:3)
  5 demonic crawlers
  9 guardian mummies (Tomb:1)
  68 yaktaurs
  5 ancient zymes
  4 tengu conjurers
  A green draconian skeleton (Crypt:2)
  A hellwing (Depths:3)
  A red devil (Depths:1)
  A catoblepas skeleton (Crypt:1)
  A mottled draconian skeleton (Crypt:1)
  2 trolls
  25 jumping spiders
  3 saltlings (Elf:1)
  21 two-headed ogres
  A wind drake (shapeshifter) (Vaults:3)
  3 tyrant leeches
  A hippogriff (shapeshifter) (Depths:3)
  A jumping spider (shapeshifter) (Depths:3)
  9 raiju
  2 blink frogs (Lair:2)
  An ettin zombie (Crypt:1)
  2 hippogriffs (Lair:2)
  A dream sheep (Lair:6)
  19 small abominations
  A fire giant simulacrum (Crypt:3)
  4 bog bodies
  36 flying skulls
  8 air elementals
  A stone giant simulacrum (Crypt:3)
  72 redbacks
  40 spriggans
  2 ice dragon skeletons
  7 ushabtiu (Tomb:1)
  35 tarantellas
  4 shadows
  A basilisk (shapeshifter) (Depths:2)
  3 water elementals
  A fire elemental (Elf:1)
  5 wraiths
  3 hogs (D:12)
  13 yaks
  A ynoxinul (Abyss:1)
  A yak (shapeshifter) (Vaults:2)
  A fire bat (Lair:2)
  A neqoxec (Abyss:2)
  3 golden eyes
  A basilisk (Lair:2)
  3 chaos spawn
  A white draconian simulacrum (Crypt:1)
  7 vampire mosquitoes
  8 swamp worms
  14 large abominations
  5 soldier ants (Spider:3)
  A mottled dragon (shapeshifter) (Depths:4)
  3 wargs
  2 nagas (shapeshifter)
  4 spatial vortices (Abyss:3)
  3 porcupines
  2 water moccasins (Lair:2)
  19 removed MONS_WASPs
  A spiny frog skeleton (Crypt:1)
  4 swamp drakes (Swamp:4)
  21 orc warriors
  4 eyes of draining
  An ice beast (shapeshifter) (Vaults:2)
  49 ogres
  2 ettin simulacra
  An ice beast (Abyss:1)
  3 centaurs
  A manticore skeleton (Crypt:2)
  7 necrophages
  16 boggarts
  4 bullfrogs
  An octopode zombie (Crypt:1)
  A merfolk simulacrum (Crypt:2)
  2 earth elementals
  26 killer bees
  4 wights (Crypt:2)
  A polar bear skeleton (Crypt:1)
  5 starcursed masses
  3 quasits
  A hound (shapeshifter) (Vaults:3)
  7 orc wizards
  A demonspawn zombie (Crypt:1)
  4 orc priests
  An iguana (Lair:2)
  16 worker ants
  A tengu zombie (Crypt:1)
  9 mummies (Tomb:1)
  An ogre simulacrum (Crypt:2)
  8 river rats (Lair:2)
  A shadow imp (D:14)
  3 ufetubi
  2 worms (Lair:4)
  22 orcs
  3 giant cockroaches (Lair:4)
  2 hobgoblins (Orc:1)
  A briar patch (Swamp:4)
  A bush (Depths:2)
  4 crawling corpses (Elf:3)
  2 fungi (Elf:3)
  12 plants
  A starspawn tentacle (Abyss:3)
1577 creatures vanquished.

Vanquished Creatures (others)
  A spriggan air mage (Depths:4)
  A spriggan berserker (Depths:4)
  An orc knight (Vaults:3)
  A yaktaur (Depths:1)
  A redback (Spider:4)
  A ynoxinul (Abyss:2)
  A fire bat (Lair:2)
  An orc warrior (Orc:2)
  An earth elemental (Elf:1)
  An orc (Orc:2)
  3 briar patches (Swamp:4)
  4 bushes
  A fire vortex (D:8)
  139 fulminant prisms
  12 fungi
  9 plants
  3 starspawn tentacles (Abyss:3)
181 creatures vanquished.

Grand Total: 2865 creatures vanquished

Notes
Turn   | Place    | Note
-------+----------+-------------------------------------------
     0 | D:1      | packetloss the Deep Elf Wizard began the quest for the Orb.
     0 | D:1      | Reached XP level 1. HP: 10/10 MP: 7/7
   189 | D:1      | Reached skill level 2 in Conjurations
   396 | D:1      | Reached XP level 2. HP: 15/15 MP: 3/9
   513 | D:1      | Learned a level 2 spell: Repel Missiles
   516 | D:1      | Learned a level 2 spell: Blink
   785 | D:1      | Reached skill level 3 in Conjurations
  1154 | D:2      | Reached XP level 3. HP: 19/19 MP: 4/10
  1425 | D:2      | Noticed Terence
  1454 | D:2      | Learned a level 2 spell: Slow
  1458 | D:2      | Learned a level 3 spell: Conjure Flame
  1548 | D:2      | Reached skill level 4 in Conjurations
  1624 | D:2      | Found an ancient bone altar of Kikubaaqudgha.
  1634 | D:2      | Found a basalt altar of Yredelemnul.
  1638 | D:2      | Found an opulent altar of Gozag.
  1650 | D:2      | Became a worshipper of Kikubaaqudgha
  1958 | D:2      | Reached XP level 4. HP: 24/24 MP: 7/12
  1984 | D:3      | Found a snail-covered altar of Cheibriados.
  2122 | D:3      | Noticed Grinder
  2254 | D:3      | Noticed CanOfBees's ghost (amateur DsGl)
  2463 | D:2      | Killed Terence
  2463 | D:2      | Reached skill level 5 in Conjurations
  2865 | D:4      | Noticed a phantom
  2892 | D:4      | Killed a phantom
  2892 | D:4      | Reached skill level 3 in Necromancy
  2892 | D:4      | Reached XP level 5. HP: 21/28 MP: 11/13
  3056 | D:5      | Entered Level 5 of the Dungeon
  3069 | D:5      | Noticed a centaur
  3153 | D:4      | Reached skill level 4 in Necromancy
  3153 | D:4      | Reached XP level 6. HP: 31/32 MP: 14/14
  3426 | D:4      | Reached * piety under Kikubaaqudgha
  3426 | D:4      | Identified Kikubaaqudgha's Tome of Darkness (Kikubaaqudgha gifted it to you on level 4 of the Dungeon)
  3426 | D:4      | Received a gift from Kikubaaqudgha
  3547 | D:4      | Found a shadowy altar of Dithmenos.
  3654 | D:4      | Reached skill level 5 in Necromancy
  4100 | D:5      | Reached skill level 6 in Necromancy
  4142 | D:5      | Reached XP level 7. HP: 35/36 MP: 9/15
  4250 | D:5      | Found a white marble altar of Elyvilon.
  4451 | D:5      | Reached skill level 7 in Necromancy
  4495 | D:5      | Reached skill level 5 in Spellcasting
  4546 | D:5      | Reached skill level 1 in Hexes
  4812 | D:5      | Reached skill level 1 in Fire Magic
  4877 | D:5      | HP: 4/36 [centaur (6)]
  4877 | D:5      | HP: 1/36 [centaur (3)]
  4882 | D:5      | HP: 5/36 [centaur (4)]
  4886 | D:5      | Reached skill level 1 in Charms
  4886 | D:5      | Reached skill level 1 in Air Magic
  5114 | D:5      | HP: 4/36 [ogre/giant club (28)]
  5115 | D:5      | Reached skill level 2 in Hexes
  5115 | D:5      | Reached skill level 2 in Fire Magic
  5120 | D:5      | Learned a level 3 spell: Mephitic Cloud
  5458 | D:5      | Learned a level 2 spell: Corpse Rot
  5536 | D:5      | Reached skill level 6 in Spellcasting
  5536 | D:5      | Reached XP level 8. HP: 41/41 MP: 17/19
  5621 | D:5      | Noticed Pikel
  5880 | D:6      | Reached ** piety under Kikubaaqudgha
  5988 | D:6      | Found Viwk's Jewellery Shoppe.
  6018 | D:6      | Found a sparkling altar of Nemelex Xobeh.
  6032 | D:6      | Reached skill level 2 in Air Magic
  6032 | D:6      | Reached skill level 1 in Poison Magic
  6431 | D:6      | Reached skill level 7 in Spellcasting
  6455 | D:6      | Reached skill level 3 in Dodging
  6455 | D:6      | Reached skill level 2 in Charms
  6556 | D:6      | Reached skill level 3 in Charms
  6678 | D:6      | Reached skill level 4 in Dodging
  6678 | D:6      | Reached skill level 4 in Charms
  6834 | D:6      | Reached skill level 8 in Spellcasting
  7132 | D:6      | Reached skill level 5 in Dodging
  7212 | D:6      | Reached XP level 9. HP: 45/45 MP: 16/23
  7412 | D:6      | Reached skill level 9 in Spellcasting
  7541 | D:7      | Reached skill level 6 in Dodging
  7811 | D:7      | Found a staircase to the Ecumenical Temple.
  8014 | D:8      | Noticed Psyche
  8025 | D:8      | Killed Psyche
  8025 | D:8      | Reached skill level 7 in Dodging
  8025 | D:8      | Reached skill level 10 in Spellcasting
  8033 | D:8      | Noticed Erica
  8198 | D:8      | Reached *** piety under Kikubaaqudgha
  8198 | D:8      | Identified Kikubaaqudgha's Tome of Black Arts (Kikubaaqudgha gifted it to you on level 8 of the Dungeon)
  8198 | D:8      | Received a gift from Kikubaaqudgha
  8214 | D:8      | Learned a level 5 spell: Agony
  8358 | D:8      | Reached skill level 8 in Dodging
  8515 | D:9      | Noticed Gastronok
  8581 | D:8      | Reached skill level 8 in Necromancy
  8594 | D:8      | Reached skill level 9 in Necromancy
  8642 | D:8      | Reached XP level 10. HP: 50/50 MP: 26/26
  8743 | D:8      | Reached skill level 11 in Spellcasting
  8907 | D:8      | Killed Erica
  8907 | D:8      | Reached skill level 12 in Spellcasting
  9884 | D:9      | Learned a level 6 spell: Death Channel
  9916 | D:9      | Noticed Joseph
 10064 | D:8      | Reached **** piety under Kikubaaqudgha
 10386 | D:9      | Reached skill level 10 in Necromancy
 10646 | D:9      | Reached skill level 11 in Necromancy
 10732 | D:9      | Killed Gastronok
 10732 | D:9      | Reached skill level 12 in Necromancy
 10732 | D:9      | Reached XP level 11. HP: 54/54 MP: 19/29
 11174 | D:9      | Found a staircase to the Lair.
 11289 | D:9      | Got a scorched flail
 11369 | D:9      | Found a staircase to the Orcish Mines.
 11417 | D:9      | Killed Joseph
 11473 | D:10     | Entered Level 10 of the Dungeon
 11508 | D:10     | Got a pair of warped boots
 11521 | D:10     | Identified the +2 pair of boots of Beauty {-Tele *Slow rElec Dex+8} (You found it on level 10 of the Dungeon)
 11682 | D:10     | Killed an unseen horror
 11682 | D:10     | Reached skill level 1 in Fighting
 11729 | D:11     | Reached skill level 2 in Fighting
 12453 | D:11     | Reached skill level 3 in Fighting
 12584 | D:11     | Upgraded the game from 0.19-a0-1697-g0595f0e to 0.19-a0-1704-gbd66c22
 13044 | D:11     | Identified the +2 flail of Zexane {crush, *Drain Dex+3} (You found it on level 9 of the Dungeon)
 13258 | D:11     | Reached skill level 4 in Fighting
 13672 | D:12     | Reached ***** piety under Kikubaaqudgha
 13681 | D:12     | Noticed Rupert
 13697 | D:12     | Killed Rupert
 13697 | D:12     | Reached skill level 6 in Fighting
 13978 | D:12     | Noticed a deep elf mage
 13986 | D:12     | Killed a deep elf mage
 13988 | D:12     | Noticed Erolcha
 14003 | D:12     | Killed Erolcha
 14003 | D:12     | Reached skill level 7 in Fighting
 14267 | D:12     | Noticed Kirke
 14532 | D:12     | Noticed Urug
 14558 | D:12     | Killed Urug
 14558 | D:12     | Reached XP level 12. HP: 61/73 MP: 10/30
 14633 | D:12     | Reached skill level 8 in Fighting
 14818 | Lair:1   | Entered Level 1 of the Lair of Beasts
 15592 | D:8      | Reached skill level 9 in Fighting
 15804 | D:8      | Got a slimy troll leather armour {regen}
 15840 | D:8      | Identified the +0 troll leather armour of Jyerup {Regen+ Dex+3 SInv, regen} (You found it on level 8 of the Dungeon)
 16457 | Lair:2   | Reached skill level 13 in Spellcasting
 16650 | Lair:2   | Reached skill level 13 in Necromancy
 16672 | Lair:2   | Reached skill level 9 in Dodging
 16682 | Lair:2   | Reached ****** piety under Kikubaaqudgha
 16949 | Lair:2   | Identified a scroll of acquirement
 17039 | Lair:2   | You fall through a shaft!
 17197 | Lair:3   | Noticed a six-headed hydra
 18054 | Lair:3   | Received a gift from Kikubaaqudgha
 18685 | Lair:3   | Reached skill level 14 in Spellcasting
 19071 | Lair:3   | Killed a six-headed hydra
 19209 | Lair:3   | Reached skill level 14 in Necromancy
 19265 | Lair:3   | Reached XP level 13. HP: 80/80 MP: 28/33
 19336 | Lair:3   | HP: 15/80 [polar bear (20)]
 19337 | Lair:3   | HP: 6/80 [polar bear (10)]
 20324 | Lair:4   | Learned a level 4 spell: Airstrike
 20635 | Lair:4   | Found a staircase to the Swamp.
 20765 | Lair:4   | Found a hole to the Spider Nest.
 20921 | Lair:4   | Reached skill level 3 in Air Magic
 20997 | Lair:5   | Found a labyrinth entrance.
 21010 | Lab      | Entered a labyrinth
 21290 | Lab      | Noticed a minotaur
 21315 | Lab      | Killed a minotaur
 21382 | Lab      | Identified a +5 iron rod (11/11) (You found it in a labyrinth)
 21470 | Lair:5   | Found a frozen archway.
 21726 | Lair:5   | Reached skill level 4 in Air Magic
 22235 | Lair:5   | Gained mutation: You are dopey. (Int -2) [a shining eye]
 22236 | Lair:5   | Reached skill level 15 in Necromancy
 22254 | Lair:5   | Found a viscous altar of Jiyva.
 22255 | Lair:5   | Found a staircase to the Slime Pits.
 22496 | Lair:6   | Entered Level 6 of the Lair of Beasts
 22533 | Lair:6   | Noticed Nessos
 22572 | Lair:6   | Noticed beep's ghost (journeyman SpEn)
 22586 | Lair:5   | Learned a level 5 spell: Dispel Undead
 22590 | Lair:6   | Killed beep's ghost
 22605 | Lair:5   | HP: 18/80 [poisoned by Nessos]
 22610 | Lair:5   | HP: 12/80 [poisoned by Nessos]
 22615 | Lair:5   | HP: 8/80 [poisoned by Nessos]
 22620 | Lair:5   | HP: 7/80 [poisoned by Nessos]
 22626 | Lair:5   | HP: 6/80 [poisoned by Nessos]
 22633 | Lair:5   | HP: 8/80 [poisoned by Nessos]
 22640 | Lair:5   | HP: 10/80 [poisoned by Nessos]
 22648 | Lair:5   | HP: 13/80 [poisoned by Nessos]
 22798 | Lair:6   | Reached skill level 5 in Air Magic
 23375 | Orc:1    | Entered Level 1 of the Orcish Mines
 23381 | Orc:1    | Noticed an orc warlord
 23574 | D:9      | HP: 20/80 [poisoned by an orc warrior]
 23579 | D:9      | HP: 17/80 [poisoned by an orc warrior]
 23584 | D:9      | HP: 17/80 [poisoned by an orc warrior]
 23589 | D:9      | HP: 16/80 [poisoned by an orc warrior]
 23595 | D:9      | HP: 17/80 [poisoned by an orc warrior]
 23601 | D:9      | HP: 18/80 [poisoned by an orc warrior]
 23896 | D:9      | Killed an orc warlord
 23896 | D:9      | Reached skill level 6 in Air Magic
 24216 | D:9      | Found a staircase to the Lair.
 24478 | Orc:1    | Found a roughly hewn altar of Beogh.
 24535 | Orc:2    | Entered Level 2 of the Orcish Mines
 24535 | Orc:2    | Found a staircase to the Elven Halls.
 24535 | Orc:2    | Noticed an orc warlord
 25706 | Orc:1    | Reached skill level 7 in Air Magic
 25974 | Orc:1    | Reached skill level 16 in Necromancy
 26154 | Orc:2    | Upgraded the game from 0.19-a0-1704-gbd66c22 to 0.19-a0-1714-gcab94ab
 26563 | Orc:2    | Noticed veccon's ghost (journeyman MiFi)
 26570 | Orc:2    | Killed veccon's ghost
 26859 | Orc:1    | HP: 20/80 [poisoned by an orc warrior]
 26864 | Orc:1    | HP: 18/80 [poisoned by an orc warrior]
 26870 | Orc:1    | HP: 19/80 [poisoned by an orc warrior]
 27078 | D:12     | Reached XP level 14. HP: 86/86 MP: 29/34
 27099 | D:12     | Reached skill level 15 in Spellcasting
 27154 | D:12     | Noticed Sonja
 27161 | D:12     | Killed Sonja
 28606 | D:14     | Found Guwyc's Antique Armour Shoppe.
 29363 | Spider:1 | Entered Level 1 of the Spider Nest
 29363 | Spider:1 | Noticed an emperor scorpion
 29688 | Lair:6   | Killed Nessos
 29726 | Lair:6   | Found a burning altar of Makhleb.
 30115 | Lair:6   | Reached skill level 17 in Necromancy
 30246 | Lair:6   | Reached skill level 16 in Spellcasting
 30526 | Swamp:1  | Entered Level 1 of the Swamp
 30842 | Swamp:1  | Got a pair of bloodstained boots
 30870 | Swamp:1  | Identified the cursed +0 pair of boots of Good Intentions {Str+2 Int+2} (You found it on level 1 of the Swamp)
 31682 | D:13     | Learned a level 4 spell: Fulminant Prism
 31883 | D:14     | Found Ticzess's General Store.
 32100 | D:13     | Reached skill level 3 in Hexes
 32136 | D:14     | Bought a faintly humming scale mail for 315 gold pieces
 32136 | D:14     | Bought a slimy scale mail for 315 gold pieces
 32154 | D:13     | Identified the +3 scale mail of Dishonour {Dex+7} (You bought it in a shop on level 14 of the Dungeon)
 32187 | D:14     | Identified the +2 scale mail of the Valley of Death {MR+} (You bought it in a shop on level 14 of the Dungeon)
 32422 | D:14     | Learned a level 3 spell: Ozocubu's Armour
 32513 | D:15     | Entered Level 15 of the Dungeon
 32767 | D:14     | Reached skill level 6 in Conjurations
 32767 | D:14     | Reached skill level 4 in Hexes
 32988 | D:14     | Reached skill level 18 in Necromancy
 33047 | D:14     | Got a crystal hunting sling
 33071 | D:14     | Identified the +8 hunting sling "Wuigis" {freeze, Str+4} (You took it off a crimson imp on level 14 of the Dungeon)
 33259 | D:14     | Killed Kirke
 33259 | D:14     | Reached skill level 5 in Hexes
 33526 | D:14     | Reached XP level 15. HP: 77/90 MP: 10/37
 34057 | D:14     | Found a gate to the Vaults.
 34267 | D:15     | Reached skill level 17 in Spellcasting
 34822 | Swamp:1  | Noticed Nikola
 35036 | Lair:3   | Learned a level 8 spell: Infestation
 35619 | Spider:1 | Reached skill level 18 in Spellcasting
 35716 | Spider:1 | Noticed Louise
 35730 | Spider:1 | Killed Louise
 35816 | Spider:1 | Found a roughly hewn altar of Beogh.
 35840 | Spider:1 | Got a heavily runed scale mail
 36628 | Spider:2 | Reached skill level 19 in Spellcasting
 36974 | Spider:2 | Reached skill level 10 in Dodging
 37040 | Spider:1 | Paralysed by a hornet for 2 turns
 37475 | Spider:2 | Noticed Agnes
 37480 | Spider:2 | Killed Agnes
 37480 | Spider:2 | Reached skill level 11 in Dodging
 37889 | Spider:2 | Noticed a ghost moth
 37898 | Spider:2 | Killed a ghost moth
 38227 | Spider:2 | Reached skill level 12 in Dodging
 38389 | Spider:3 | Noticed Donald
 38399 | Spider:3 | Killed Donald
 38419 | Spider:3 | Reached XP level 16. HP: 96/96 MP: 16/41
 38445 | Spider:3 | Reached skill level 13 in Dodging
 38956 | Spider:4 | Entered Level 4 of the Spider Nest
 39085 | Spider:4 | Reached skill level 14 in Dodging
 39272 | Spider:4 | Noticed Arachne
 39290 | Spider:4 | Killed Arachne
 39304 | Spider:4 | Reached skill level 15 in Dodging
 39465 | Spider:4 | Got a gossamer rune of Zot
 39748 | Spider:2 | Reached skill level 16 in Dodging
 40161 | Orc:2    | Found Zoampum's Antique Weapon Shop.
 40161 | Orc:2    | Found Fawkes's Armour Emporium.
 40163 | Orc:2    | Found Cesytuacha's Assorted Antiques.
 40286 | Orc:2    | Found a roughly hewn altar of Beogh.
 40331 | Orc:2    | Found Diphirua's Distillery.
 40340 | Orc:2    | Bought a pair of bloodstained gloves for 247 gold pieces
 40340 | Orc:2    | Bought a steaming shortbow for 208 gold pieces
 40340 | Orc:2    | Identified the cursed +1 shortbow "Qugehesa" {freeze, Fragile rPois rF+ Str+7} (You bought it in a shop on level 2 of the Orcish Mines)
 40353 | Orc:2    | Identified the +1 scale mail of Hiskumm {Dex+5} (You found it on level 1 of the Spider Nest)
 40381 | Orc:2    | Identified the +2 pair of gloves "Rizimmuv" {-Cast rF+ rN+ Dex+4} (You bought it in a shop on level 2 of the Orcish Mines)
 41083 | D:15     | Found a staircase to the Depths.
 41205 | Depths:1 | Entered Level 1 of the Depths
 41220 | D:15     | Learned a level 2 spell: Sublimation of Blood
 41293 | Vaults:1 | Entered Level 1 of the Vaults
 41521 | Vaults:1 | Reached skill level 19 in Necromancy
 42141 | Vaults:1 | Reached XP level 17. HP: 100/100 MP: 34/42
 42153 | Vaults:1 | Reached skill level 20 in Spellcasting
 42886 | Vaults:2 | Noticed Xtahua
 42893 | Vaults:2 | Killed Xtahua
 43451 | Vaults:2 | Learned a level 7 spell: Haunt
 43547 | Vaults:2 | Reached skill level 2 in Summonings
 43700 | Vaults:2 | Reached skill level 3 in Summonings
 43727 | Vaults:2 | Reached skill level 21 in Spellcasting
 43817 | Vaults:2 | Reached skill level 4 in Summonings
 43961 | Vaults:3 | Noticed Mara
 44267 | Vaults:3 | Reached skill level 5 in Summonings
 44633 | Vaults:3 | Noticed packetloss's illusion
 44641 | Vaults:3 | Killed Mara
 44641 | Vaults:3 | Reached skill level 6 in Summonings
 44776 | Vaults:3 | Got an ominously black robe
 45011 | Vaults:3 | Reached skill level 7 in Summonings
 45348 | Vaults:4 | Identified the cursed +1 robe of Pleasant Breezes {rElec Int+2 Stlth+} (You found it on level 3 of the Vaults)
 45488 | Vaults:4 | Reached XP level 18. HP: 99/105 MP: 9/45
 45880 | Vaults:4 | Reached skill level 22 in Spellcasting
 45882 | Vaults:4 | Reached skill level 8 in Summonings
 46768 | Vaults:3 | Found a staircase to the Crypt.
 46768 | Vaults:3 | Found an ancient bone altar of Kikubaaqudgha.
 46769 | Vaults:3 | Found a basalt altar of Yredelemnul.
 47127 | Swamp:1  | Reached skill level 23 in Spellcasting
 47238 | Swamp:1  | Killed Nikola
 47312 | Swamp:1  | Noticed Roxanne
 47532 | Swamp:1  | Killed Roxanne
 47909 | Swamp:2  | Identified the +1 ring mail "Gaoceaf" {Regen+ Int+3 Dex+3} (You found it on level 2 of the Swamp)
 48578 | Swamp:3  | HP: 16/105 [spriggan druid/angry trees (15)]
 48599 | Swamp:3  | HP: 26/105 [alligator (5)]
 48785 | Swamp:4  | Entered Level 4 of the Swamp
 49169 | Swamp:3  | Reached skill level 20 in Necromancy
 49769 | Swamp:4  | Got a decaying rune of Zot
 49995 | Swamp:4  | Reached skill level 24 in Spellcasting
 50306 | Elf:1    | Entered Level 1 of the Elven Halls
 50382 | Elf:1    | Found a radiant altar of Vehumet.
 50586 | Elf:1    | Found a ruined gateway.
 50637 | Desolati | Entered the Desolation of Salt
 50896 | Elf:1    | Found a portal to a secret trove of treasure.
 51765 | Elf:1    | Reached XP level 19. HP: 93/110 MP: 3/49
 52544 | Elf:3    | Entered Level 3 of the Elven Halls
 52629 | Elf:2    | Reached skill level 21 in Necromancy
 52642 | Elf:2    | Found a huge runed gate.
 52642 | Elf:2    | Found a huge runed gate.
 52647 | Elf:2    | Found a huge runed gate.
 54105 | Elf:3    | Reached skill level 25 in Spellcasting
 54865 | Elf:3    | Identified the Disquisition on Dislocated Dark Rituals
 54889 | Elf:3    | Identified the Tome of Dusty Flames
 54895 | Elf:3    | Identified the Grimoire of Heat
 55453 | Elf:3    | Reached skill level 22 in Necromancy
 55531 | Elf:3    | Got a crude leather armour
 55537 | Elf:3    | Identified the +3 leather armour of Articulation {rCorr Str+4 Int+3 Dex+3 Stlth-} (You took it off a deep elf annihilator on level 3 of the Elven Halls)
 55560 | Elf:3    | Got an ancient scale mail
 55963 | Crypt:1  | Entered Level 1 of the Crypt
 56348 | Crypt:1  | Reached skill level 1 in Evocations
 56356 | Crypt:1  | Reached skill level 2 in Evocations
 56361 | Crypt:1  | Reached skill level 3 in Evocations
 56431 | Crypt:1  | Reached skill level 4 in Evocations
 56494 | Crypt:1  | Reached skill level 5 in Evocations
 56598 | Crypt:1  | Identified the cursed +1 scale mail of Resilience {rElec rF+} (You took it off a deep elf high priest on level 3 of the Elven Halls)
 56656 | Crypt:1  | Reached skill level 6 in Evocations
 56656 | Crypt:1  | Reached XP level 20. HP: 115/115 MP: 41/51
 56729 | Crypt:1  | Reached skill level 7 in Evocations
 56736 | Crypt:1  | Noticed Mennas
 56781 | Crypt:1  | Killed Mennas
 56781 | Crypt:1  | Reached skill level 8 in Evocations
 56948 | Crypt:1  | Reached skill level 9 in Evocations
 57071 | Crypt:1  | Learned a level 1 spell: Apportation
 57214 | Crypt:1  | Reached skill level 10 in Evocations
 57573 | Crypt:2  | Reached skill level 11 in Evocations
 57875 | Crypt:2  | Reached skill level 12 in Evocations
 58076 | Crypt:3  | Entered Level 3 of the Crypt
 58209 | Crypt:3  | Found an ancient bone altar of Kikubaaqudgha.
 58352 | Crypt:3  | Reached skill level 10 in Fighting
 58363 | Crypt:3  | Found a staircase to the Tomb.
 58427 | Crypt:3  | Got a slimy leather armour
 58438 | Crypt:3  | Identified the cursed +1 leather armour of Jonuin {rF+ rN+ Dex+7} (You found it on level 3 of the Crypt)
 58517 | Crypt:3  | Noticed a profane servitor
 58525 | Crypt:3  | Killed a profane servitor
 58595 | Crypt:3  | Reached skill level 1 in Staves
 58722 | Crypt:3  | Noticed a bone dragon
 58725 | Crypt:3  | Killed a bone dragon
 58725 | Crypt:3  | Reached skill level 2 in Staves
 58961 | Tomb:1   | Entered Level 1 of the Tomb of the Ancients
 59206 | Tomb:1   | Reached skill level 3 in Staves
 59239 | Tomb:1   | Reached skill level 4 in Staves
 59411 | Tomb:1   | Reached skill level 11 in Fighting
 59413 | Tomb:1   | Noticed an ancient lich
 59416 | Tomb:1   | Killed an ancient lich
 59420 | Tomb:1   | Noticed a greater mummy
 59424 | Tomb:1   | Killed a greater mummy
 59575 | Tomb:1   | Reached skill level 5 in Staves
 59863 | Tomb:2   | Noticed a greater mummy
 59863 | Tomb:2   | Noticed a greater mummy
 59863 | Tomb:2   | Noticed a greater mummy
 59863 | Tomb:2   | Noticed a greater mummy
 59863 | Tomb:2   | HP: 28/120 [??? (10)]
 59989 | Tomb:1   | Learned a level 2 spell: Passwall
 60696 | D:15     | HP: 25/120 [white very ugly thing (37)]
 60711 | D:15     | HP: 28/120 [the Majin-Bo (7)]
 60793 | D:15     | Reached XP level 21. HP: 68/125 MP: 52/52
 61105 | Depths:1 | Reached skill level 6 in Staves
 61111 | Depths:1 | Found a shimmering altar of Xom.
 61162 | Depths:1 | Found a one-way gate leading to the halls of Pandemonium.
 61193 | Depths:1 | Found a one-way gate to the infinite horrors of the Abyss.
 61210 | Depths:1 | Got a slimy steel ring
 61216 | Depths:1 | Noticed Bai Suzhen
 61221 | Depths:1 | Killed Bai Suzhen
 61377 | Depths:1 | Found a gateway to Hell.
 61682 | Depths:2 | Upgraded the game from 0.19-a0-1714-gcab94ab to 0.19-a0-1720-gc855d72
 62016 | Depths:2 | Reached skill level 7 in Staves
 62040 | Depths:2 | HP: 30/126 [spriggan berserker/war axe (21)]
 62575 | Depths:2 | Reached skill level 12 in Fighting
 62669 | Depths:2 | Found a bloodstained altar of Trog.
 62892 | Depths:2 | HP: 31/127 [poisoned by spriggan rider (curare-tipped needle)]
 62897 | Depths:2 | HP: 31/127 [poisoned by spriggan rider (curare-tipped needle)]
 62909 | Depths:2 | HP: 29/127 [the Majin-Bo (4)]
 62971 | Depths:2 | Reached skill level 1 in Armour
 63089 | Depths:2 | Noticed the Enchantress
 63097 | Depths:2 | Reached skill level 17 in Dodging
 63500 | Depths:2 | Identified the Collected Works on Floating Augmentations
 63509 | Depths:2 | Learned a level 3 spell: Regeneration
 63693 | Depths:2 | Reached skill level 8 in Staves
 63730 | Depths:2 | Killed the Enchantress
 63735 | Depths:2 | Identified the +2 faerie dragon armour {rCorr} (You took it off the Enchantress on level 2 of the Depths)
 63741 | Depths:2 | Identified the ring "Koint" {*Corrode Str+4 Int+5 Slay+5} (You took it off an ogre mage on level 1 of the Depths)
 64062 | Depths:3 | Reached skill level 2 in Armour
 64079 | Depths:3 | Identified the +4 lajatang "Iwij" {slice, rElec rF+ Dex+4} (You found it on level 3 of the Depths)
 64281 | Depths:3 | Noticed a golden dragon
 64310 | Depths:3 | Noticed a juggernaut
 64328 | Depths:3 | Killed a juggernaut
 64576 | Depths:3 | Noticed a caustic shrike
 64581 | Depths:3 | Killed a caustic shrike
 64581 | Depths:3 | Reached skill level 3 in Armour
 64706 | Depths:3 | Noticed a golden dragon
 64718 | Depths:3 | Killed a golden dragon
 64765 | Depths:3 | Killed a golden dragon
 64863 | Depths:3 | Reached skill level 9 in Staves
 64979 | Depths:3 | Identified the Handbook of Malediction
 64982 | Depths:3 | Identified the Tome of Gliding Curses
 64991 | Depths:3 | Identified the Reference Book on the Mountains
 65069 | Depths:3 | Identified the cursed +1 short sword "Dragon's Tongue" {pierce, rPois MR+ Str+3} (You found it on level 3 of the Depths)
 65151 | Depths:3 | HP: 25/128 [flayed ghost/flay_damage (14)]
 65181 | Depths:3 | Reached XP level 22. HP: 117/133 MP: 44/53
 65467 | D:15     | Learned a level 4 spell: Animate Dead
 65643 | Depths:4 | Found a gateway to a ziggurat.
 65768 | Depths:4 | Reached skill level 4 in Armour
 65922 | Depths:4 | Found Netelury's Jewellery Shop.
 65923 | Depths:4 | Found Mofaimae's Gadget Emporium.
 65923 | Depths:4 | Found Jihowo's Gadget Emporium.
 66072 | Depths:4 | Bought the ring "Rekheadgh" {rElec rN+ Str+3 Int+2} for 800 gold pieces
 66215 | Depths:4 | Noticed a juggernaut
 66229 | Depths:4 | Killed a juggernaut
 66257 | Depths:4 | Noticed a golden dragon
 66268 | Depths:4 | Got a ripped robe
 66279 | Depths:4 | Identified the cursed +1 robe of the Engineer {rF+} (You found it on level 4 of the Depths)
 66316 | Depths:4 | Reached skill level 18 in Dodging
 66317 | Depths:4 | Killed a golden dragon
 66346 | Depths:4 | Noticed a caustic shrike
 66457 | Depths:4 | Killed a caustic shrike
 66476 | Depths:4 | Reached skill level 13 in Fighting
 66503 | Depths:4 | Reached skill level 5 in Armour
 66893 | Orc:2    | Bought a +2 pair of boots of running for 622 gold pieces
 67192 | Depths:5 | Entered Level 5 of the Depths
 67450 | Depths:5 | HP: 28/135 [spark wasp (14)]
 67871 | Vaults:4 | Upgraded the game from 0.19-a0-1720-gc855d72 to 0.19-a0-1789-ga32af4e
 67872 | Vaults:5 | Entered Level 5 of the Vaults
 68835 | D:5      | Found a white marble altar of Elyvilon.
 68884 | D:5      | Killed Pikel
 69022 | D:3      | Killed CanOfBees's ghost
 69153 | D:3      | Noticed Robin
 69154 | D:3      | Killed Robin
 69352 | D:3      | Killed Grinder
 70131 | Slime:1  | Entered Level 1 of the Pits of Slime
 70361 | Slime:2  | Gained mutation: You occasionally shout uncontrollably at your foes. [a shining eye]
 70841 | Slime:3  | HP: 30/135 [acid (19)]
 71112 | Slime:5  | Entered Level 5 of the Pits of Slime
 71125 | Slime:5  | Reached skill level 6 in Armour
 71152 | Slime:5  | Noticed the Royal Jelly
 71580 | Depths:1 | Voluntarily entered the Abyss.
 71763 | Abyss:2  | Found a corrupted altar of Lugonu.
 72421 | Abyss:3  | HP: 22/136 [the Majin-Bo (2)]
 72428 | Abyss:3  | HP: 14/136 [the Majin-Bo (8)]
 72439 | Abyss:3  | HP: 25/136 [the Majin-Bo (8)]
 72777 | Abyss:3  | Reached skill level 7 in Armour
 72882 | Abyss:3  | Killed from afar by a hellephant

Vault maps used:
D:1:      minmay_arrival_open_corners, minmay_statues_item,
          grunt_decor_fettered, minmay_crystal_water
D:2:      minmay_overflow_temple_star_quad, first_bread, grunt_ministairs_15,
          uniq_terence
D:3:      lemuel_round_altar, serial_forest, infiniplex_forest_end_1,
          infiniplex_forest_clump_long, infiniplex_forest_clump_tiny,
          infiniplex_forest_end_2, infiniplex_forest_straight_2,
          infiniplex_forest_straight_2, infiniplex_forest_lined_room_,
          infiniplex_forest_end_2, grunt_ministairs_8, hangedman_decor_points,
          due_unseen_surprise, uniq_robin, uniq_grinder
D:4:      nicolae_dithmenos_through_a_glass_darkly
D:5:      basic_altar, serial_park_tiny_pond, kennysheep_generic_room_15,
          uniq_pikel
D:6:      nemelex_xobeh_ov_fountains_minmay, serial_shops,
          nicolae_shop_window_shopping, minmay_mini_ossuary
D:8:      black_bear_nest_1, hangedman_incinerator, uniq_psyche, uniq_erica
D:9:      erik_lair_orcish_takeover, hiddenorc1_lemuel, uniq_gastronok,
          uniq_joseph
D:11:     the_bakery
D:12:     uniq_sonja, uniq_kirke, uniq_rupert, uniq_urug, uniq_erolcha
D:13:     minmay_misc_feat_diagonals
D:14:     david_vaults_5, serial_park_tiny_2, serial_shops,
          nicolae_shop_behind_doors, shop, nicolae_wwwww
D:15:     gammafunk_enter_depths_forms, kennysheep_doodads
Lair:1:   special_room, lemuel_fruit_tree
Lair:3:   eino_small_chamber_without_monster, roderic_batcave,
          grunt_megastairs_3
Lair:4:   swamp_mist_pool, nicolae_spider_entry_non_spiders
Lair:5:   slime_altar_1, lab_entry_generic, portal_ice_cave_entry_imps,
          st_stairs_8
Lair:6:   due_jungle_book, basic_altar, wad_woods_road_05,
          infiniplex_staircase_pool_2, uniq_nessos
Swamp:1:  evilmike_swamp_ruin_rubble_1, uniq_nikola, uniq_roxanne
Swamp:2:  evilmike_swamp_ruin_house_1, swamp_pool1, nicolae_swamp_dense_foliage
Swamp:3:  nicolae_swamp_little_tower
Swamp:4:  swamp_basic_johnstein
Spider:1: nicolae_spider_mines_2, uniq_louise
Spider:2: mumra_spider_spiderweb, spider_trap, uniq_agnes
Spider:3: minmay_another_anthill, uniq_donald
Spider:4: johnstein_spider_rune_arachne_lair, uniq_arachne
Orc:1:    cheibrodos_orc_bank, basic_altar
Orc:2:    st_orc_rangers, basic_altar
Elf:1:    eino_elf_arrival_altar, enter_trove_3, portal_desolation_entry_salt,
          evilmike_minifort
Elf:2:    uniq_jorgrun
Elf:3:    minmay_elf_hall_not_hex
Vaults:1: vaults_room_hallway, v_pattern_5, vaults_dpeg_hooks,
          ontoclasm_vaults_hangar, hangedman_vaults_cutoff, v_misc_24,
          st_diamondy, nicolae_vaults_network_star, nicolae_vaults_little_ls
Vaults:2: v_misc_22, v_misc_32, vaults_room_large_hall, hangedman_vaults_corner,
          v_misc_13, ontoclasm_vaults_gateway, ontoclasm_vaults_ring_small,
          nicolae_vaults_alarming, nicolae_vaults_mini_display_case, v_misc_4,
          ontoclasm_vaults_chip, ontoclasm_vaults_twist, vaults_dpeg_cross,
          vaults_room_door_ring, uniq_xtahua
Vaults:3: ontoclasm_vaults_ring_large, minmay_crypt_entry_necro_gods, v_rooms_4,
          grunt_vaults_hallway_long, st_lines,
          nicolae_vaults_diagonal_hallway_6, ontoclasm_vaults_decontamination,
          hangedman_vaults_stitches, ontoclasm_vaults_ring_large,
          hangedman_vaults_variations, vaults_standard_mumra_enter_the_diamond,
          vaults_room_stairs_pillars, v_misc_5, vaults_dpeg_encased_lava,
          ontoclasm_vaults_ligature, vaults_mumra_hex, nicolae_vaults_asterisk,
          vaults_room_semicircle, uniq_mara
Vaults:4: vaults_standard_mumra_enter_the_diamond, ontoclasm_vaults_idyll,
          vaults_dpeg_ring, nicolae_vaults_quartermaster,
          vaults_room_stairs_pillars, nicolae_vaults_yaktaur_gun_rack,
          vaults_room_fours, vaults_dpeg_spiral, v_misc_27
Crypt:1:  grunt_crypt_arrival_split, uniq_mennas
Crypt:2:  st_stairs_10, grunt_megastairs_4
Crypt:3:  grunt_crypt_end_deaths_head
Depths:1: serial_column_ruins, column_ruins_portal_squares,
          column_ruins_hut_ruined, column_ruins_open_tiny,
          column_ruins_open_medium, column_ruins_open_small_water,
          column_ruins_open_tiny, grunt_mini_vestibule,
          hangedman_abyss_or_decor_slice, abyss_entry_crystal, xom_teletrap_fun,
          kennysheep_random_hallway, uniq_bai_suzhen
Depths:2: spriggan_forest, hell_entry
Depths:3: little_maze_vault, pf_vacation_house_of_asmodeus,
          grunt_decor_arrowhead, rand_demon_pan_entry_8,
          serial_sigils_hangedman_scratch, minmay_misc_feat_room
Depths:4: minmay_expanding_circles, enter_ziggurat_d, minmay_room_of_horrors,
          pf_coc_iceberg, minmay_misc_feat_five, infiniplex_staircase_star,
          minmay_shop_grove
Depths:5: grunt_zot_entry_funnels, abyss_entry, hell_entry,
          rand_demon_pan_entry_1, corexii_leaking_fountain
Lab:      lab_statue, labyrinth_skeletal_remains, nicolae_lab_stuck

Skill      XL: |  1  2  3  4  5  6  7  8  9 10 11 12 13 14 15 16 17 18 19 20 21 22 |
---------------+-------------------------------------------------------------------+-----
Conjurations   | 2 3 4 5 6 |  6.7
Necromancy     | 3 4 6 7 9 12 14 16 18 19 20 22 | 22.1
Spellcasting   | 6 8 10 12 14 16 19 21 24 25 | 25.6
Hexes          | 2 5 |  5.6
Fire Magic     | 2 |  2.0
Charms         | 1 4 |  4.4
Air Magic      | 1 2 7 |  7.3
Poison Magic   | 1 |  1.3
Dodging        | 5 8 9 12 16 17 18 | 18.9
Fighting       | 7 9 11 12 13 | 13.6
Summonings     | 7 8 |  8.2
Evocations     | 6 12 | 12.7
Staves         | 5 9 |  9.9
Armour         | 3 7 |  7.1
Stealth        | |  2.4
Translocations | |  1.1

Action                   |  1- 3 |  4- 6 |  7- 9 | 10-12 | 13-15 | 16-18 | 19-21 | 22-24 || total
-------------------------+-------+-------+-------+-------+-------+-------+-------+-------++-------
Melee: Dagger            |     2 |    11 |    19 |    12 |       |       |       |       ||    44
       Quarterstaff      |       |       |       |   222 |    68 |       |    15 |    94 ||   399
       Mace              |       |       |       |       |    63 |       |       |       ||    63
       Staff             |       |       |       |       |     9 |     6 |     4 |       ||    19
Throw: Stone             |     2 |     1 |     1 |       |       |       |       |       ||     4
 Cast: Magic Dart        |    94 |   124 |   465 |  1032 |   504 |    23 |     5 |       ||  2247
       Repel Missiles    |     1 |       |     6 |     4 |    10 |     4 |     1 |     1 ||    27
       Slow              |       |     6 |       |     9 |     8 |     1 |       |       ||    24
       Conjure Flame     |       |     3 |    26 |    54 |    48 |     3 |    10 |       ||   144
       Mephitic Cloud    |       |       |    20 |   123 |    95 |    27 |    13 |     5 ||   283
       Corpse Rot        |       |       |     1 |       |     3 |       |       |       ||     4
       Agony             |       |       |     2 |    40 |   101 |    22 |     4 |     1 ||   170
       Death Channel     |       |       |       |     6 |    59 |   118 |    66 |    24 ||   273
       Airstrike         |       |       |       |       |   519 |   630 |   358 |   104 ||  1611
       Blink             |       |       |       |       |    10 |       |     1 |       ||    11
       Dispel Undead     |       |       |       |       |    13 |    13 |    64 |     9 ||    99
       Fulminant Prism   |       |       |       |       |   118 |    20 |     1 |     1 ||   140
       Ozocubu's Armour  |       |       |       |       |     1 |       |       |       ||     1
       Infestation       |       |       |       |       |     8 |    47 |   177 |    73 ||   305
       Haunt             |       |       |       |       |       |    48 |   103 |    55 ||   206
       Sublimation of Bl |       |       |       |       |       |     6 |    31 |     8 ||    45
       Regeneration      |       |       |       |       |       |       |     8 |    30 ||    38
       Animate Dead      |       |       |       |       |       |       |       |    13 ||    13
Invok: Receive Necronomi |       |       |       |     1 |       |       |       |       ||     1
       Receive Corpses   |       |       |       |       |     3 |       |       |    19 ||    22
       Torment           |       |       |       |       |     1 |       |       |     3 ||     4
Evoke: Wand              |       |       |       |       |     8 |     1 |    15 |     6 ||    30
       Sack of spiders   |       |       |       |       |       |       |     2 |       ||     2
  Use: Scroll            |       |     4 |     5 |    17 |    19 |    11 |    18 |     5 ||    79
       Potion            |       |       |     3 |     1 |     6 |     2 |     5 |     6 ||    23
 Stab: Confused          |       |       |     2 |    12 |     5 |       |       |       ||    19
       Distracted        |       |       |       |     2 |     2 |     1 |     1 |       ||     6
       Sleeping          |       |       |       |       |       |       |       |     1 ||     1
  Eat: Chunk             |     3 |     6 |    14 |    27 |    48 |    42 |    28 |     6 ||   174
       Pizza             |       |       |       |     4 |     1 |     1 |       |       ||     6
       Royal jelly       |       |       |       |     1 |     2 |     1 |     7 |     2 ||    13
       Bread ration      |       |       |       |       |     3 |       |     1 |     4 ||     8
       Meat ration       |       |       |       |       |     1 |     2 |     1 |     1 ||     5
       Beef jerky        |       |       |       |       |     1 |     2 |       |       ||     3
       Fruit             |       |       |       |       |       |       |     2 |       ||     2
Armor: Robe              |     6 |     6 |     5 |       |       |     3 |       |       ||    20
       Leather armour    |       |       |    32 |    89 |       |       |       |       ||   121
       Troll leather arm |       |       |       |    46 |   258 |    53 |    42 |    42 ||   441
Dodge: Dodged            |    13 |    22 |    97 |   338 |   643 |   274 |   190 |   225 ||  1802
       Deflected         |     1 |       |    15 |    24 |    38 |    37 |    27 |    15 ||   157

Vault maps used:
D:1:      minmay_arrival_open_corners, minmay_statues_item,
          grunt_decor_fettered, minmay_crystal_water
D:2:      minmay_overflow_temple_star_quad, first_bread, grunt_ministairs_15,
          uniq_terence
D:3:      lemuel_round_altar, serial_forest, infiniplex_forest_end_1,
          infiniplex_forest_clump_long, infiniplex_forest_clump_tiny,
          infiniplex_forest_end_2, infiniplex_forest_straight_2,
          infiniplex_forest_straight_2, infiniplex_forest_lined_room_,
          infiniplex_forest_end_2, grunt_ministairs_8, hangedman_decor_points,
          due_unseen_surprise, uniq_robin, uniq_grinder
D:4:      nicolae_dithmenos_through_a_glass_darkly
D:5:      basic_altar, serial_park_tiny_pond, kennysheep_generic_room_15,
          uniq_pikel
D:6:      nemelex_xobeh_ov_fountains_minmay, serial_shops,
          nicolae_shop_window_shopping, minmay_mini_ossuary
D:8:      black_bear_nest_1, hangedman_incinerator, uniq_psyche, uniq_erica
D:9:      erik_lair_orcish_takeover, hiddenorc1_lemuel, uniq_gastronok,
          uniq_joseph
D:11:     the_bakery
D:12:     uniq_sonja, uniq_kirke, uniq_rupert, uniq_urug, uniq_erolcha
D:13:     minmay_misc_feat_diagonals
D:14:     david_vaults_5, serial_park_tiny_2, serial_shops,
          nicolae_shop_behind_doors, shop, nicolae_wwwww
D:15:     gammafunk_enter_depths_forms, kennysheep_doodads
Lair:1:   special_room, lemuel_fruit_tree
Lair:3:   eino_small_chamber_without_monster, roderic_batcave,
          grunt_megastairs_3
Lair:4:   swamp_mist_pool, nicolae_spider_entry_non_spiders
Lair:5:   slime_altar_1, lab_entry_generic, portal_ice_cave_entry_imps,
          st_stairs_8
Lair:6:   due_jungle_book, basic_altar, wad_woods_road_05,
          infiniplex_staircase_pool_2, uniq_nessos
Swamp:1:  evilmike_swamp_ruin_rubble_1, uniq_nikola, uniq_roxanne
Swamp:2:  evilmike_swamp_ruin_house_1, swamp_pool1, nicolae_swamp_dense_foliage
Swamp:3:  nicolae_swamp_little_tower
Swamp:4:  swamp_basic_johnstein
Spider:1: nicolae_spider_mines_2, uniq_louise
Spider:2: mumra_spider_spiderweb, spider_trap, uniq_agnes
Spider:3: minmay_another_anthill, uniq_donald
Spider:4: johnstein_spider_rune_arachne_lair, uniq_arachne
Orc:1:    cheibrodos_orc_bank, basic_altar
Orc:2:    st_orc_rangers, basic_altar
Elf:1:    eino_elf_arrival_altar, enter_trove_3, portal_desolation_entry_salt,
          evilmike_minifort
Elf:2:    uniq_jorgrun
Elf:3:    minmay_elf_hall_not_hex
Vaults:1: vaults_room_hallway, v_pattern_5, vaults_dpeg_hooks,
          ontoclasm_vaults_hangar, hangedman_vaults_cutoff, v_misc_24,
          st_diamondy, nicolae_vaults_network_star, nicolae_vaults_little_ls
Vaults:2: v_misc_22, v_misc_32, vaults_room_large_hall, hangedman_vaults_corner,
          v_misc_13, ontoclasm_vaults_gateway, ontoclasm_vaults_ring_small,
          nicolae_vaults_alarming, nicolae_vaults_mini_display_case, v_misc_4,
          ontoclasm_vaults_chip, ontoclasm_vaults_twist, vaults_dpeg_cross,
          vaults_room_door_ring, uniq_xtahua
Vaults:3: ontoclasm_vaults_ring_large, minmay_crypt_entry_necro_gods, v_rooms_4,
          grunt_vaults_hallway_long, st_lines,
          nicolae_vaults_diagonal_hallway_6, ontoclasm_vaults_decontamination,
          hangedman_vaults_stitches, ontoclasm_vaults_ring_large,
          hangedman_vaults_variations, vaults_standard_mumra_enter_the_diamond,
          vaults_room_stairs_pillars, v_misc_5, vaults_dpeg_encased_lava,
          ontoclasm_vaults_ligature, vaults_mumra_hex, nicolae_vaults_asterisk,
          vaults_room_semicircle, uniq_mara
Vaults:4: vaults_standard_mumra_enter_the_diamond, ontoclasm_vaults_idyll,
          vaults_dpeg_ring, nicolae_vaults_quartermaster,
          vaults_room_stairs_pillars, nicolae_vaults_yaktaur_gun_rack,
          vaults_room_fours, vaults_dpeg_spiral, v_misc_27
Crypt:1:  grunt_crypt_arrival_split, uniq_mennas
Crypt:2:  st_stairs_10, grunt_megastairs_4
Crypt:3:  grunt_crypt_end_deaths_head
Depths:1: serial_column_ruins, column_ruins_portal_squares,
          column_ruins_hut_ruined, column_ruins_open_tiny,
          column_ruins_open_medium, column_ruins_open_small_water,
          column_ruins_open_tiny, grunt_mini_vestibule,
          hangedman_abyss_or_decor_slice, abyss_entry_crystal, xom_teletrap_fun,
          kennysheep_random_hallway, uniq_bai_suzhen
Depths:2: spriggan_forest, hell_entry
Depths:3: little_maze_vault, pf_vacation_house_of_asmodeus,
          grunt_decor_arrowhead, rand_demon_pan_entry_8,
          serial_sigils_hangedman_scratch, minmay_misc_feat_room
Depths:4: minmay_expanding_circles, enter_ziggurat_d, minmay_room_of_horrors,
          pf_coc_iceberg, minmay_misc_feat_five, infiniplex_staircase_star,
          minmay_shop_grove
Depths:5: grunt_zot_entry_funnels, abyss_entry, hell_entry,
          rand_demon_pan_entry_1, corexii_leaking_fountain
Lab:      lab_statue, labyrinth_skeletal_remains, nicolae_lab_stuck

Table legend:
 A = Turns spent in this place as a percentage of turns spent in the entire game.
 B = Non-inter-level travel turns spent in this place as a percentage of non-inter-level travel turns spent in the entire game.
 C = Inter-level travel turns spent in this place as a percentage of turns spent in this place.
 D = Turns resting spent in this place as a percentage of non-inter-level travel turns spent in this place.
 E = Turns spent auto-exploring this place as a percentage of non-inter-level travel turns spent in this place.
 F = Non-inter-level travel turns spent in this place divided by the number of levels of this place that you've seen.
                   A       B       C       D       E      F
               +-------+-------+-------+-------+-------+----------------------
         Total | 100.0 | 100.0 |   0.4 |   1.8 |   0.5 | 862.5
       Dungeon |  24.0 |  23.9 |   0.6 |   2.7 |   1.7 | 811.1
          Lair |  12.3 |  12.3 |   0.5 |   2.6 |   0.4 | 1040.5
         Swamp |   5.9 |   5.9 |   0.6 |   1.8 |   0.2 | 748.2
   Spider Nest |   7.6 |   7.6 |   0.2 |   1.9 |   0.1 | 970.0
    Slime Pits |   1.4 |   1.4 |   0.1 |   2.9 |   0.0 | 144.8
  Orcish Mines |   4.2 |   4.2 |   0.3 |   4.3 |   0.7 | 1072.5
   Elven Halls |   8.9 |   8.9 |   0.3 |   1.2 |   0.0 | 1511.0
        Vaults |  11.5 |  11.5 |   0.3 |   0.4 |   0.1 | 1167.6
         Crypt |   5.8 |   5.8 |   0.4 |   0.8 |   0.0 | 976.7
          Tomb |   2.1 |   2.1 |   0.1 |   0.8 |   0.0 | 532.5
        Depths |  12.3 |  12.3 |   0.4 |   1.0 |   0.0 | 1255.4
         Abyss |   3.3 |   3.3 |   0.0 |   0.0 |   0.0 | 567.7
     Labyrinth |   0.7 |   0.7 |   0.0 |   1.4 |   0.0 | 361.0
    Desolation |   0.1 |   0.1 |   0.0 |  16.1 |   0.0 |  31.0
               +-------+-------+-------+-------+-------+----------------------

Table legend:
 A = Kills in this place as a percentage of kills in entire the game.
 B = Kills by you in this place as a percentage of kills by you in the entire game.
 C = Kills by friends in this place as a percentage of kills by friends in the entire game.
 D = Other kills in this place as a percentage of other kills in the entire game.
 E = Experience gained in this place as a percentage of experience gained in the entire game.
 F = Experience gained in this place divided by the number of levels of this place that you have seen.
                   A       B       C       D       E      F
               +-------+-------+-------+-------+-------+----------------------
         Total | 100.0 | 100.0 | 100.0 | 100.0 | 100.0 | 13937.4
       Dungeon |  17.3 |  40.1 |   1.5 |  27.5 |   8.5 | 4665.5
          Lair |  10.3 |  16.8 |   5.3 |  25.5 |   5.7 | 7860.2
         Swamp |   5.4 |   6.9 |   4.5 |   0.0 |   5.2 | 10747.8
   Spider Nest |  10.8 |   6.5 |  13.9 |   2.0 |   8.4 | 17310.0
    Slime Pits |   1.7 |   0.8 |   2.4 |   0.0 |   2.4 | 3952.0
  Orcish Mines |   5.7 |   8.4 |   3.2 |  23.5 |   1.7 | 7059.5
   Elven Halls |   6.6 |   5.8 |   7.3 |   2.0 |  11.3 | 30950.0
        Vaults |  13.7 |   5.5 |  19.4 |  11.8 |  15.4 | 25363.6
         Crypt |   8.0 |   4.4 |  10.8 |   0.0 |  11.8 | 32349.7
          Tomb |   2.5 |   0.5 |   3.9 |   0.0 |   3.6 | 14968.0
        Depths |  13.6 |   3.2 |  21.0 |   2.0 |  21.1 | 34660.2
         Abyss |   4.4 |   1.0 |   6.7 |   5.9 |   4.6 | 12519.3
     Labyrinth |   0.1 |   0.3 |   0.0 |   0.0 |   0.2 | 1539.0
               +-------+-------+-------+-------+-------+----------------------
